 Dungeon Crawl Stone Soup version 0.17-a0-1393-gcb420ff (webtiles) character file.

64 Steifyn the Ruffian (level 3, 0/37 HPs)
             Began as a Troll Monk on June 16, 2015.
             Was a Priest of the Shining One.
             Slain by a bat (1 damage)
             ... on level 3 of the Dungeon.
             The game lasted 00:07:53 (1630 turns).

Steifyn the Ruffian (Troll Monk)                    Turns: 1630, Time: 00:07:53

Health: 0/37       AC: -2    Str: 20      XL:     3   Next: 91%
Magic:  2/2        EV: 10    Int:  6      God:    the Shining One [***...]
Gold:   93         SH:  0    Dex: 11 (12) Spells: 0 memorised, 2 levels left

rFire  . . .     SeeInvis .     i - +1 club
rCold  . . .     Clarity  .     a - +1 robe
rNeg   + . .     SustAt   .     (no shield)
rPois  .         Gourm    +     (helmet restricted)
rElec  .         Spirit   .     n - +0 cloak
rCorr  .         Warding  .     (gloves unavailable)
rMut   .         Stasis   .     (boots unavailable)
MR     .....                    (no amulet)
Stlth  ..........               (no ring)
                                q - ring of loudness

@: corroded equipment, glowing, not resistant to hostile enchantments, extremely
unstealthy
A: unfitting armour, claws 3, fast metabolism 3, gourmand, regeneration 2,
shaggy fur 1, tough skin 2
a: Divine Shield, Renounce Religion


You were on level 3 of the Dungeon.
You worshipped the Shining One.
The Shining One was most pleased with you.
You were not hungry.

You visited 1 branch of the dungeon, and saw 3 of its levels.

You collected 93 gold pieces.

Inventory:

Hand weapons
 i - a +1 club (weapon)
Armour
 a - a +1 robe (worn)
 n - a +0 cloak (worn)
Jewellery
 q - a ring of loudness (left claw)
Scrolls
 d - a scroll of identify
 e - 2 scrolls of remove curse
Potions
 g - a potion of ambrosia {unknown}
Comestibles
 b - 4 bread rations
 c - 3 fruits
 f - a meat ration


   Skills:
 * Level 3.0 Fighting
 * Level 1.2 Armour
 - Level 2.4 Dodging
 - Level 1.1 Stealth
 + Level 4.6 Unarmed Combat


You had 2 spell levels left.
You didn't know any spells.

Dungeon Overview and Level Annotations

Branches:
Dungeon (3/15)

Altars:
The Shining One


Innate Abilities, Weirdness & Mutations

You are too large for most types of armour.
You have claws for hands.
Your metabolism is lightning-fast.
You like to eat raw meat.
You heal very quickly.
You are covered in fur (AC +1).
You have very tough skin (AC +2).


Message History

The bat hits you.
* * * LOW HITPOINT WARNING * * *
The bat barely misses you. The bat closely misses you. The bat hits you.
* * * LOW HITPOINT WARNING * * *
The bat barely misses you. The bat misses you. The bat barely misses you.
The bat hits you.
* * * LOW HITPOINT WARNING * * *
The giant gecko bites you.
* * * LOW HITPOINT WARNING * * *
The bat hits you.
* * * LOW HITPOINT WARNING * * *
The giant gecko barely misses you. The bat hits you.
* * * LOW HITPOINT WARNING * * *
The bat hits you.
You die...

..###........#.##
......###.##.#..# ...
.#.......J...##.## ..#
..........##.....#######.(# ##..
#..#......##.##..........###....
#..........#.##)#...............
..##.........J..................
.###......#...lb#...............
. #.....#...#..@...............
b###......#########.............
..<.....†.# ##>## #.....<.......
####.....###8...8##...##........
........# #.....############...
###......#8.....8# .
######.##.....## .##8...8# .#


You could see a jelly, a giant gecko and a bat.

Vanquished Creatures
  Jessica (D:2)
  An adder (D:2)
  A worm (D:2)
  3 ball pythons
  5 bats
  A giant cockroach (D:2)
  4 goblins
  3 hobgoblins (D:2)
  5 giant newts
  2 kobolds
  3 rats
29 creatures vanquished.

Notes
Turn   | Place    | Note
--------------------------------------------------------------
     0 | D:1      | Steifyn the Troll Monk began the quest for the Orb.
     0 | D:1      | Reached XP level 1. HP: 22/22 MP: 0/0
   574 | D:2      | Reached XP level 2. HP: 29/29 MP: 1/1
   593 | D:2      | Found a glowing golden altar of the Shining One.
   973 | D:2      | Found a faded altar to an unknown god.
   991 | D:2      | Became a worshipper of the Shining One
   991 | D:2      | Acquired the Shining One's first power
   991 | D:2      | Acquired the Shining One's second power
  1065 | D:2      | Reached XP level 3. HP: 32/36 MP: 2/2
  1219 | D:2      | Noticed Jessica
  1226 | D:2      | Killed Jessica
  1226 | D:2      | Reached skill level 1 in Armour
  1630 | D:3      | HP: 1/37 [bat (1)]
  1630 | D:3      | Slain by a bat

Vault maps used:
D:1:      onia_arrival_mini_maze
D:2:      nicolae_tso_carved_into_rock, ecumenical_altar_1, minmay_vboxes,
          uniq_jessica
D:3:      nicolae_overflow_hidden_temple, evilmike_ruin_ashenzari, uniq_sigmund

Action                   || total
-------------------------++-------
Melee: Unarmed           ||    34
       Club              ||    44
  Use: Scroll            ||     9
       Potion            ||     2
  Eat: Meat ration       ||     1
       Fruit             ||     1
       Bread ration      ||     2
